AoeStats
← yatsude

Arena

509398099Analyzed
1v1 RM · 6d ago on Sep 26, 2026· 106m 50s· 2 players
Game mode
Random Map
Map size
Tiny (2 player)
Population
200
Speed
Normal
Resources
Standard
Victory
Conquest
Starting age
Dark Age
Ending age
Imperial Age
RankedLock teamsTeams togetherTeam positionsShared explorationLock speedFull tech treeHidden civsTurbo modeCheats
Victory
Defeat
🇺🇸 Chinese · United States
847
+14
🇨🇴 Persians · Colombia
805
-14
yatsude
10:42 Feudal Age
17:45 Castle Age
16:00 Double-Bit Axe
16:43 Horse Collar
18:16 Town Watch
19:04 Heavy Plow
24:13 Wheelbarrow
24:20 Scale Barding Armor
26:10 Bloodlines
25:46 Pikeman
27:06 Bow Saw
27:35 Gold Mining
27:36 Loom
29:47 Forging
29:46 Kamandaran
33:08 Imperial Age
30:36 Fletching
31:42 Chain Barding Armor
32:20 Gold Shaft Mining
32:03 Masonry
32:21 Husbandry
33:14 Ballistics
33:47 Conscription
34:10 Heavy Camel Rider
35:29 Plate Barding Armor
35:32 Crossbowman
36:16 Bodkin Arrow
37:20 Iron Casting
37:00 Cavalier
38:05 Thumb Ring
39:27 Padded Archer Armor
39:52 Murder Holes
41:06 Chemistry
41:25 Savar
42:40 Capped Ram
45:53 Siege Ram
48:11 Squires
48:21 Elite Skirmisher
51:02 Light Cavalry
58:19 Architecture
59:54 Hand Cart
61:33 Crop Rotation
60:39 Hussar
Gaboto94
0:40 Loom
10:22 Feudal Age
11:39 Wheelbarrow
10:53 Double-Bit Axe
14:11 Horse Collar
15:01 Gold Mining
18:09 Town Watch
20:53 Castle Age
21:19 Forging
21:17 Scale Barding Armor
22:06 Bow Saw
21:43 Pikeman
22:58 Hand Cart
23:35 Heavy Plow
24:14 Gold Shaft Mining
25:26 Scale Mail Armor
25:47 Chain Barding Armor
26:16 Man-at-Arms
29:08 Husbandry
29:18 Bloodlines
29:29 Chain Mail Armor
29:50 Iron Casting
30:39 Stone Mining
31:23 Long Swordsman
34:56 Squires
35:15 Fletching
35:25 Padded Archer Armor
38:23 Imperial Age
38:47 Fortified Wall
38:33 Murder Holes
39:30 Conscription
38:33 Two-Handed Swordsman
38:36 Cavalier
38:39 Halberdier
40:30 Arrowslits
44:25 Stone Shaft Mining
45:36 Masonry
47:46 Arson
49:26 Architecture
49:57 Chemistry
49:44 Ballistics
49:52 Town Patrol
51:08 Heated Shot
55:22 Blast Furnace
54:53 Plate Mail Armor
54:59 Plate Barding Armor
54:39 Leather Archer Armor
54:20 Bodkin Arrow
55:23 Champion
56:39 Elite Chu Ko Nu
76:01 Bracer
76:31 Ring Archer Armor
Connection lost

Rejoining the realm…

Still unreachable

The connection could not be restored.

Session expired

The server has moved on; the page needs a fresh start.